 Dungeon Crawl Stone Soup version 0.31.0-11-ge490571c62 (webtiles) character file.

Game seed: 11065703142078722570

707 qw the Ducker (level 7, -1/35 HPs)
             Began as a Spriggan Hunter on Feb 3, 2024.
             Incinerated by a bombardier beetle (4 damage)
             ... with a burning spray
             ... on level 4 of the Dungeon.
             The game lasted 00:00:13 (3098 turns).

qw the Ducker (Spriggan Hunter)                     Turns: 3098, Time: 00:00:14

Health: -1/35      AC:  2    Str:  7    XL:     7   Next: 40%
Magic:  8/8        EV: 23    Int: 10    God:
Gold:   167        SH:  0    Dex: 21    Spells: 6/6 levels left

rFire   . . .        a - +0 shortbow
rCold   . . .        (shield currently unavailable)
rNeg    + . .        c - +0 robe
rPois   +            (helmet restricted)
rElec   .            h - scarf {repulsion}
rCorr   .            (gloves unavailable)
SInv    +            (boots unavailable)
Will    +....        (no amulet)
Stlth   +            d - ring of positive energy
HPRegen 0.25/turn    j - ring of poison resistance
MPRegen 0.11/turn

%: repel missiles
@: on fire, glowing, very quick
A: very small, no large weapons, unfitting armour, see invisible, speed 3
a: no special abilities


You were on level 4 of the Dungeon.
You visited 1 branch of the dungeon, and saw 4 of its levels.

You collected 167 gold pieces.


Innate Abilities, Weirdness & Mutations

You are very small and have problems with some larger weapons.
You are too small for most types of armour.
You have supernaturally acute eyesight. (SInv)
You cover ground extremely quickly. (Speed+++)


   Skills:
 - Level 2.0 Fighting
 + Level 7.2 Ranged Weapons
 - Level 7.4 Dodging
 - Level 1.5 Stealth


You had 6 spell levels left.
You didn't know any spells.
Your spell library was empty.

Inventory:

Hand Weapons
 a - a +0 shortbow (weapon)
Armour
 c - a +0 robe (worn)
 h - a scarf of repulsion (worn)
Jewellery
 d - a ring of positive energy (left hand)
 j - a ring of poison resistance (right hand)
 k - a ring of ice
 l - a +6 ring of intelligence
Scrolls
 e - 2 scrolls of poison {unknown}
 n - a scroll of enchant armour
Potions
 b - a potion of berserk rage {unknown}
 f - 2 potions of enlightenment
 g - 2 potions of curing
 i - a potion of might
 m - a potion of mutation {unknown}

Dungeon Overview and Level Annotations

Branches:
Dungeon (4/15)
 Temple: D:4-7

Altars:
Fedhas

Shops:
D:2 (

Annotations:
D:3 1 runed translucent door, Crazy Yiuf


Message History

The bombardier beetle is lightly wounded.
You shoot an arrow.
The arrow barely misses the bombardier beetle.
You shoot an arrow. The arrow hits the bombardier beetle.
The bombardier beetle is moderately wounded.
The bombardier beetle sprays incendiary fluid at you.
The burning spray hits you.
You are covered in liquid fire!
You shoot an arrow.
The arrow hits the bombardier beetle but does no damage.
The bombardier beetle is moderately wounded.
The liquid fire burns you!
You shoot an arrow. The arrow hits the bombardier beetle.
The bombardier beetle is heavily wounded.
The liquid fire burns you!
You shoot an arrow. The arrow hits the bombardier beetle.
The bombardier beetle is severely wounded.
The liquid fire burns you!
You shoot an arrow.
The arrow barely misses the bombardier beetle.
The liquid fire burns you!
You shoot an arrow. The arrow hits the bombardier beetle.
The bombardier beetle is almost dead.
The liquid fire burns you!
You shoot an arrow.
The arrow hits the bombardier beetle but does no damage.
The bombardier beetle is almost dead.
The liquid fire burns you!
You shoot an arrow. The arrow hits the bombardier beetle!
You kill the bombardier beetle!
The liquid fire burns you!
You are on fire!
The liquid fire burns you!
You are on fire!
The liquid fire burns you!
You are on fire!
The liquid fire burns you!
You are on fire!
The liquid fire burns you!
You die...

..#.##..#.###.## #.#
#.#.##.#
..#.##..#.....# #.#
#.#.##.#
..#.##..####### #.#
#.#.##.# ###.##... ..#
#.#.##.# #######
#.#.##.# #.....#
#.#.##.# #.###.#
#.#.##.# #.#
#.#######.#.#.##.# #.#
#.@.......#.#.##.#
#.#############.#.%..#
#
#.............))######
# ################# #


There were no monsters in sight!

Vanquished Creatures
  Grinder (D:3)
  A phantom (D:4)
  A scorpion (D:4)
  A bombardier beetle (D:4)
  A gnoll bouda (D:3)
  A jelly (D:4)
  2 iguanas (D:4)
  Robin (D:3)
  5 gnolls (D:3)
  5 adders
  3 dart slugs
  A ribbon worm (D:4)
  7 orcs
  13 endoplasms
  4 giant cockroaches
  15 goblins
  13 hobgoblins
  6 jackals
  7 quokkas
  6 ball pythons
  8 bats
  3 frilled lizards
  7 kobolds
  5 rats
117 creatures vanquished.

Notes
Turn   | Place    | Note
-------+----------+-------------------------------------------
     0 | D:1      | qw the Spriggan Hunter began the quest for the Orb.
     0 | D:1      | Reached XP level 1. HP: 10/10 MP: 2/2
     0 | D:1      | 0 ||| qw: Version: 0.3-a-157-g843a77d
     0 | D:1      | 0 ||| qw: Game counter: 3916
     0 | D:1      | 0 ||| qw: Melee chars always use a shield: true
     0 | D:1      | 0 ||| qw: God list: Okawaru
     0 | D:1      | 0 ||| qw: Allow faded altars: false
     0 | D:1      | 0 ||| qw: Do Orc after clearing Dungeon:15 true
     0 | D:1      | 0 ||| qw: Do second Lair branch before Depths: true
     0 | D:1      | 0 ||| qw: Lair rune preference: random
     0 | D:1      | 0 ||| qw: Goals: Normal
     0 | D:1      | 0 ||| PLANNING D:1-11
    37 | D:1      | Reached skill level 3 in Dodging
    63 | D:1      | HP: 1/10 [jackal (2)]
    66 | D:1      | Reached XP level 2. HP: 3/14 MP: 3/3
   277 | D:1      | Reached XP level 3. HP: 18/18 MP: 4/4
   506 | D:1      | 506 ||| UPGRADING to ring of positive energy.
   507 | D:1      | 507 ||| READING scroll labelled POSMUONN TOYB.
   508 | D:1      | 508 ||| READING scroll labelled SERCHU CORIOWKUS.
   511 | D:1      | 511 ||| DROPPING scroll of butterflies.
   535 | D:2      | 535 ||| STAIRDANCE
   602 | D:2      | Found a faded altar of an unknown god.
   666 | D:2      | Identified the orb of Distant Worlds {*channel, Harm}
   756 | D:2      | Found Roawkatux's Antique Weapon Boutique.
   767 | D:2      | 767 ||| SHOPLISTING arbalest (130 gold, have 91).
   784 | D:2      | Reached XP level 4. HP: 22/22 MP: 5/5
  1022 | D:2      | 1022 ||| UPGRADING to scarf of repulsion.
  1027 | D:2      | 1027 ||| UPGRADING to ring of poison resistance.
  1028 | D:2      | 1028 ||| READING scroll labelled OSHROSCH JEVY.
  1029 | D:2      | 1029 ||| READING 2 scrolls labelled MUERHI GIRAG.
  1029 | D:2      | 1029 ||| ENCHANTING +0 shortbow.
  1030 | D:2      | 1030 ||| READING 4 scrolls labelled TAGION WAXIYS.
  1030 | D:2      | 1030 ||| IDENTIFYING fizzy dark potion
  1031 | D:2      | 1031 ||| READING 3 scrolls of identify.
  1031 | D:2      | 1031 ||| IDENTIFYING bubbling blue potion
  1032 | D:2      | 1032 ||| READING 2 scrolls of identify.
  1032 | D:2      | 1032 ||| IDENTIFYING gluggy blue potion
  1033 | D:2      | 1033 ||| READING scroll of identify.
  1033 | D:2      | 1033 ||| IDENTIFYING lumpy dark potion
  1034 | D:2      | 1034 ||| DRINKING 2 white potions.
  1035 | D:2      | 1035 ||| DROPPING potion of degeneration.
  1036 | D:2      | 1036 ||| DROPPING potion of brilliance.
  1037 | D:2      | 1037 ||| DROPPING potion of ambrosia.
  1058 | D:3      | Found a runed translucent door.
  1059 | D:3      | Noticed Crazy Yiuf
  1079 | D:3      | Noticed Grinder
  1096 | D:3      | Paralysed by Grinder for 5 turns
  1099 | D:3      | HP: 3/22 [Grinder (6)]
  1101 | D:3      | 1101 ||| READING scroll of teleportation.
  1211 | D:3      | Killed Grinder
  1212 | D:3      | Reached XP level 5. HP: 25/25 MP: 6/6
  1212 | D:3      | Reached XP level 6. HP: 30/30 MP: 7/7
  1441 | D:3      | Noticed Robin
  1459 | D:3      | HP: 6/30 [Robin/+0 short sword (3)]
  1462 | D:3      | Killed Robin
  1468 | D:3      | HP: 3/30 [hobgoblin[Robin] (5)]
  1473 | D:3      | HP: 1/30 [goblin/+1 dagger of electrocution[Robin] (4)]
  2278 | D:3      | 2278 ||| DROPPING ring of flight.
  2279 | D:3      | 2279 ||| READING scroll of identify.
  2279 | D:3      | 2279 ||| IDENTIFYING pink potion
  2280 | D:3      | 2280 ||| READING scroll labelled PUOKASO BODILA.
  2466 | D:4      | Reached skill level 6 in Ranged Weapons
  2499 | D:4      | Reached XP level 7. HP: 29/35 MP: 8/8
  2547 | D:4      | Found a blossoming altar of Fedhas.
  3095 | D:4      | HP: 8/35 [burnt (5)]
  3097 | D:4      | HP: 3/35 [burnt (4)]
  3098 | D:4      | Incinerated by a bombardier beetle

Levels and vault maps discovered:
D:1:      zelgadis_glass_arrival_small, layout_rooms, minmay_misc_feat_tower
D:2:      layout_rooms, basic_ecumenical_altar, serial_shops, nicolae_shop_stone
D:3:      layout_basic, minmay_crystal_room, grunt_decor_cap, minmay_cut_off,
          uniq_robin, uniq_crazy_yiuf_cottage, uniq_grinder
D:4:      layout_basic, fedhas_altar_decomposition, serial_shops, shop

Skill      XL: |  1  2  3  4  5  6  7 |
---------------+----------------------+-----
Dodging        | 3 4 7 |  7.4
Ranged Weapons | 5 6 7 |  7.2
Fighting       | 2 |  2.0
Stealth        | |  1.5

Action                     |  1- 3 |  4- 6 |  7- 9 || total
---------------------------+-------+-------+-------++-------
   Fire: Shortbow          |   121 |   214 |    72 ||   407
    Use: Scroll            |     2 |     9 |       ||    11
         Potion            |       |     1 |       ||     1
 Armour: Robe              |    17 |    29 |    10 ||    56
  Dodge: Dodged            |    52 |   127 |    30 ||   209

Table legend:
 A = Non-vault XP
 B = Vault XP
 C = Vault XP percentage of total XP
 D = Non-vault monster count
 E = Vault monster count
 F = Vault count percentage of total count
                 A         B        C        D         E       F
            +---------+---------+-------+---------+---------+-------
      Total |     699 |     312 |  30.9 |     106 |      11 |   9.4
            +---------+---------+-------+---------+---------+-------
        D:1 |      55 |       0 |   0.0 |      30 |       0 |   0.0
        D:2 |      49 |       0 |   0.0 |      20 |       0 |   0.0
        D:3 |     165 |     312 |  65.4 |      30 |      11 |  26.8
        D:4 |     430 |       0 |   0.0 |      26 |       0 |   0.0
            +---------+---------+-------+---------+---------+-------
